 Dungeon Crawl Stone Soup version 0.18-a0-59-gb630132 (webtiles) character file.

18410 ReteAZ the Grappler (level 12, -4/119 HPs)
             Began as a Troll Monk on Nov 7, 2015.
             Slain by Rupert
             ... wielding a +2 executioner's axe of flaming
              (39 damage)
             ... on level 4 of the Lair of Beasts on Nov 8, 2015.
             The game lasted 00:39:42 (11061 turns).

ReteAZ the Grappler (Troll Monk)                   Turns: 11061, Time: 00:39:42

Health: -4/119     AC:  9    Str: 23    XL:     12   Next: 27%
Magic:  16/16      EV: 16    Int:  9    God:
Gold:   757        SH:  0    Dex: 18    Spells: 0 memorised, 11 levels left

rFire  . . .     SeeInvis +       - Unarmed
rCold  . . .     Clarity  .     e - +2 robe {MR+}
rNeg   . . .     SustAt   .     (no shield)
rPois  .         Gourm    +     D - +2 hat {Int+3}
rElec  .         Spirit   .     (no cloak)
rCorr  .         Warding  .     (gloves unavailable)
rMut   .         Stasis   .     (boots unavailable)
MR     +....                    o - amulet of rage
Stlth  ++........               z - ring of see invisible (curse)
                                m - +3 ring of dexterity

@: exhausted, about to teleport, slowed, drained, very slow, somewhat resistant
to hostile enchantments, unstealthy
A: unfitting armour, claws 3, fast metabolism 3, gourmand, regeneration 2,
shaggy fur 1, tough skin 2
a: Evoke Berserk Rage


You were on level 4 of the Lair of Beasts.
You were not hungry.

You visited 2 branches of the dungeon, and saw 14 of its levels.
You also visited: Ossuary and Ice Cave.

You collected 757 gold pieces.

Inventory:

Missiles
 t - 5 large rocks (quivered)
 L - a throwing net
Armour
 a - a +1 robe
 e - a +2 robe of magic resistance (worn)
 D - a +2 hat of intelligence (worn)
 I - a +0 robe of fire resistance
Jewellery
 c - an uncursed amulet of warding
 m - a +3 ring of dexterity (left claw)
 o - an amulet of rage (around neck)
 z - a cursed ring of see invisible (right claw)
 H - an uncursed ring of protection from magic
 M - an uncursed ring of see invisible
 O - an uncursed ring of stealth {unknown}
 Q - an uncursed ring of sustain attributes
 R - an uncursed amulet of stasis
Wands
 l - a wand of confusion (29)
 y - a wand of paralysis (21)
 F - a wand of polymorph (15)
 G - a wand of cold (0)
 S - a wand of polymorph (14)
 T - a wand of flame (9)
Scrolls
 h - 3 scrolls of enchant weapon
 j - 3 scrolls of amnesia
 v - 2 scrolls of identify
 B - 2 scrolls of recharging
 E - 3 scrolls of teleportation
 K - a scroll of magic mapping
 N - a scroll of enchant armour
Potions
 d - 2 potions of ambrosia
 f - a potion of cancellation
 r - 4 potions of curing
 s - 2 potions of cure mutation
 u - a potion of brilliance {unknown}
 w - 2 potions of might
 x - 3 potions of lignification
 A - 2 potions of agility
 C - 2 potions of flight
Books
 P - a book of the Tempests

   Spells                             Type                      Level
   a - Static Discharge               Conjuration/Air              3
   b - Lightning Bolt                 Conjuration/Air              5
   c - Fireball                       Conjuration/Fire             5
   d - Tornado                        Air                          9
   e - Shatter                        Earth                        9
 U - a book of the Earth

   Spells                             Type                      Level
   a - Leda's Liquefaction            Hexes/Earth                  4
   b - Bolt of Magma                  Conjuration/Fire/Earth       5
   c - Statue Form                    Transmutation/Earth          6
   d - Iron Shot                      Conjuration/Earth            6
   e - Shatter                        Earth                        9
Comestibles
 b - 8 bread rations {@e1}
 g - 4 meat rations {@e2}
 i - a beef jerky
 n - 4 slices of pizza
 p - 8 fruits
 q - 2 royal jellies


   Skills:
 + Level 7.9(7.6) Fighting
 + Level 9.8(9.4) Dodging
 - Level 1.1(0.8) Stealth
 - Level 12.0(11.6) Unarmed Combat
 - Level 7.0(6.6) Evocations


You had 11 spell levels left.
You didn't know any spells.

Dungeon Overview and Level Annotations

Branches:
Dungeon (10/15)            Temple (0/1) D:5            Lair (4/8) D:9
 Shoals (0/4) Lair:4
  Snake: Lair:3-6    Spider: Lair:3-6       Orc: D:9-12

Altars:
Ashenzari
Elyvilon
Gozag
Makhleb
Nemelex Xobeh
Ru
Xom
Zin
The Shining One

Shops:
D:4 =[[*   D:10 ?

Annotations:
D:8 Erolcha
D:10 Josephine, Snorg
Lair:4 Rupert


Innate Abilities, Weirdness & Mutations

You are too large for most types of armour.
You have claws for hands.
Your metabolism is lightning-fast.
You like to eat raw meat.
You heal very quickly.
You are covered in fur (AC +1).
You have very tough skin (AC +2).


Message History

You feel yourself slow down.
Rupert roars madly and goes into a rage!
Rupert goes berserk!
Read which item? (? for menu, Esc to quit)
As you read the scroll of fear, it crumbles to dust.
You assume a fearsome visage.
The yak looks frightened!
Read which item? (? for menu, Esc to quit)
As you read the scroll of teleportation, it crumbles to dust.
You feel strangely unstable.
Rupert hits you with an executioner's axe of flaming!!
Rupert burns you.
Rupert hits you with an executioner's axe of flaming!!
Rupert burns you.
* * * LOW HITPOINT WARNING * * *
Read which item? (? for menu, Esc to quit)
Okay, then.
You claw Rupert! Your claw misses Rupert.
Rupert is lightly wounded.
Rupert hits you with an executioner's axe of flaming!!!
You die...

#............#
##P..........##
##...........#
###...........#P.
#.......@........
###....Y....##...
#P..........###.
###..........#
#@#......รท..#.#
##@......<...##
#....Y......#
#############


You could see Rupert (berserk) and a yak (fleeing).

Vanquished Creatures
  A hydra (Lair:4)
  The ghost of ReteAZ the Grappler, a novice TrMo (D:9)
  3 elephants
  2 black mambas (Lair:4)
  Psyche (D:8)
  4 spiny frogs
  A komodo dragon (Lair:3)
  2 two-headed ogres
  Sigmund (D:5)
  31 yaks
  2 hippogriffs (D:9)
  Grum (D:8)
  15 wolves
  A hungry ghost (D:9)
  Edmund (D:5)
  A mottled dragon (D:10)
  A porcupine (Lair:3)
  4 water moccasins
  A sky beast (D:6)
  2 orc warriors
  A black bear (D:7)
  9 ice beasts
  2 phantoms (D:9)
  2 centaurs
  3 ogres
  5 crocodiles
  2 elf zombies (Ossuary)
  2 big kobolds
  A wyvern zombie (D:7)
  9 giant frogs
  A scorpion (D:9)
  3 killer bees (D:7)
  8 crimson imps
  9 hounds
  4 centaur zombies
  A giant frog zombie (D:7)
  A gnoll shaman (D:7)
  2 human zombies (Ossuary)
  3 giant frog skeletons
  14 orc wizards
  4 orc priests
  4 iguanas
  A hell rat (Lair:3)
  8 worker ants
  A centaur skeleton (D:6)
  2 killer bee zombies
  A big kobold zombie (Ossuary)
  A sheep (D:9)
  A hound zombie (D:8)
  2 hound skeletons
  2 mummies (Ossuary)
  2 worker ant zombies
  11 gnolls
  25 river rats
  4 shadow imps
  7 adders
  3 oozes
  2 adder zombies (Ossuary)
  An adder skeleton (D:6)
  A worm (D:5)
  2 giant geckos
  31 orcs
  3 ball pythons
  5 giant cockroaches
  7 hobgoblins
  11 jackals
  11 kobolds
  9 bats
  6 giant newts
  7 goblins
  11 hobgoblin zombies (Ossuary)
  A jackal zombie (Ossuary)
  10 kobold zombies (Ossuary)
  4 orc zombies (Ossuary)
  2 quokkas
  A quokka zombie (D:5)
  5 rats
  A rat zombie (Ossuary)
368 creatures vanquished.

Vanquished Creatures (others)
  7 fungi (Lair:2)
  3 plants (Lair:2)
10 creatures vanquished.

Grand Total: 378 creatures vanquished

Notes
Turn   | Place    | Note
--------------------------------------------------------------
     0 | D:1      | ReteAZ the Troll Monk began the quest for the Orb.
     0 | D:1      | Reached XP level 1. HP: 22/22 MP: 0/0
   123 | D:1      | Reached XP level 2. HP: 29/29 MP: 1/1
   525 | D:1      | Reached XP level 3. HP: 36/36 MP: 2/2
   797 | D:2      | Found a shimmering altar of Xom.
  1181 | D:2      | Found a shimmering altar of Xom.
  1182 | D:2      | Found a shimmering altar of Xom.
  1182 | D:2      | Found a shimmering altar of Xom.
  1184 | D:2      | Found a shimmering altar of Xom.
  1184 | D:2      | Found a shimmering altar of Xom.
  1479 | D:3      | Reached skill level 5 in Unarmed Combat
  1479 | D:3      | Reached XP level 4. HP: 18/44 MP: 3/3
  1738 | D:3      | You fall through a shaft for 3 floors!
  1743 | D:6      | Noticed a sky beast
  1756 | D:6      | Killed a sky beast
  1756 | D:6      | Reached XP level 5. HP: 29/53 MP: 4/4
  1760 | D:5      | Entered Level 5 of the Dungeon
  1899 | D:5      | Found a white marble altar of Elyvilon.
  1951 | D:5      | Noticed Sigmund
  1987 | D:5      | Killed Sigmund
  1987 | D:5      | Reached skill level 6 in Unarmed Combat
  1987 | D:5      | Reached XP level 6. HP: 60/62 MP: 5/5
  2079 | D:4      | Found a sand-covered staircase.
  2106 | Ossuary  | Entered an ossuary
  2233 | Ossuary  | Reached XP level 7. HP: 47/68 MP: 6/6
  2430 | Ossuary  | Reached skill level 7 in Unarmed Combat
  3012 | D:4      | Found Pyenoq's Armour Shoppe.
  3083 | D:4      | Found Oneil's Armour Shop.
  3099 | D:4      | Found Ucinam's Jewellery Shoppe.
  3260 | D:4      | Found Costrargh's General Store.
  3987 | D:5      | Reached XP level 8. HP: 68/79 MP: 7/7
  4064 | D:5      | Reached skill level 8 in Unarmed Combat
  4260 | D:5      | Noticed Edmund
  4270 | D:5      | Killed Edmund
  4316 | D:5      | Found a staircase to the Ecumenical Temple.
  4473 | D:5      | Reached skill level 5 in Dodging
  4533 | D:6      | Reached skill level 5 in Fighting
  4599 | D:6      | Reached skill level 9 in Unarmed Combat
  4610 | D:6      | Found a glowing golden altar of the Shining One.
  4797 | D:6      | Found a sacrificial altar of Ru.
  4840 | D:6      | Reached skill level 10 in Unarmed Combat
  4840 | D:6      | Reached XP level 9. HP: 88/88 MP: 8/8
  5437 | D:7      | Reached skill level 11 in Unarmed Combat
  5462 | D:7      | Found a glowing silver altar of Zin.
  5932 | D:7      | Reached skill level 12 in Unarmed Combat
  6280 | D:8      | Noticed Erolcha
  6497 | D:8      | Found a shattered altar of Ashenzari.
  6521 | D:8      | Found an opulent altar of Gozag.
  6528 | D:8      | Noticed Grum
  6542 | D:8      | Killed Grum
  6692 | D:8      | Reached XP level 10. HP: 84/97 MP: 9/9
  7081 | D:8      | Noticed Psyche
  7085 | D:8      | Killed Psyche
  7372 | D:9      | Found a staircase to the Lair.
  7372 | D:9      | Noticed an elephant
  7392 | D:9      | Killed an elephant
  7524 | D:9      | Found a burning altar of Makhleb.
  7675 | D:9      | Reached skill level 1 in Evocations
  7966 | D:10     | Entered Level 10 of the Dungeon
  8236 | D:10     | Found a sparkling altar of Nemelex Xobeh.
  8239 | D:10     | Upgraded the game from 0.18-a0-49-gd105b5a to 0.18-a0-59-gb630132
  8242 | D:10     | Found Pewiump's Magic Scroll Shop.
  8267 | D:10     | Noticed Josephine
  8281 | D:10     | Noticed Snorg
  8421 | D:9      | Noticed ReteAZ's ghost (novice TrMo)
  8440 | D:9      | Killed ReteAZ's ghost
  8440 | D:9      | Reached XP level 11. HP: 90/109 MP: 13/13
  8508 | Lair:1   | Entered Level 1 of the Lair of Beasts
  8606 | Lair:1   | Reached skill level 5 in Evocations
  9720 | Lair:3   | Found a frozen archway.
  9744 | IceCv    | Entered an ice cave
 10198 | Lair:4   | Found a staircase to the Shoals.
 10268 | Lair:3   | Reached XP level 12. HP: 41/118 MP: 16/16
 10518 | Lair:4   | Noticed a seven-headed hydra
 10616 | Lair:4   | Noticed a five-headed hydra
 10621 | Lair:4   | Killed a five-headed hydra
 11029 | Lair:4   | Noticed Rupert
 11061 | Lair:4   | Slain by Rupert

Vault maps used:
D:1:      shiori_arrival_oz, st_stairs_6
D:2:      first_bread, xom_redecorated
D:3:      minmay_tree_intersection
D:4:      lightli_ossuary_entry_decrepit_ruins, serial_shops,
          nicolae_shop_behind_doors, nicolae_shop_stone, shop,
          nicolae_shop_trees
D:5:      elyvilon_altar_1, minmay_temple_entry_glass, uniq_edmund, uniq_sigmund
D:6:      nicolae_ru_great_annihilating_truth, basic_altar,
          kennysheep_generic_room_8
D:7:      basic_altar
D:8:      nicolae_overflow_hidden_temple, lemuel_round_altar, uniq_erolcha,
          uniq_psyche, uniq_grum
D:9:      kennysheep_little_box, david_lair_generic
D:10:     serial_shops, shop, grunt_livestock, nrook_loot_triangle,
          nemelex_diamond_rough_becter, uniq_snorg, uniq_josephine
Lair:1:   grunt_megastairs_3, lemuel_fruit_tree, uniq_sonja
Lair:2:   mu_elephants_graveyard
Lair:3:   portal_ice_cave_entry_pillars_01, grunt_megastairs_4,
          uniq_prince_ribbit2
Lair:4:   lemuel_ratsnest, minmay_shoals_entry_beasts,
          nicolae_volcano_entry_two_sided, lemuel_fruit_fields,
          infiniplex_staircase_pool, uniq_rupert
Ossuary:  ossuary_tomb_1
IceCv:    ice_cave_statue_garden_02

Action                   |  1- 3 |  4- 6 |  7- 9 | 10-12 || total
-------------------------+-------+-------+-------+-------++-------
Melee: Unarmed           |    97 |   113 |   458 |   530 ||  1198
Throw: Large rock        |       |       |     7 |    12 ||    19
 Abil: Evoke Berserk Rag |       |       |       |     3 ||     3
Evoke: Wand              |       |       |     1 |     7 ||     8
  Use: Scroll            |       |     6 |    11 |    12 ||    29
       Potion            |       |       |       |     9 ||     9
 Stab: Sleeping          |     2 |     2 |     3 |     3 ||    10
       Paralysed         |       |       |     2 |       ||     2
       Distracted        |       |       |       |     1 ||     1
       Invisible         |       |       |       |     1 ||     1
  Eat: Chunk             |    14 |    11 |    41 |    37 ||   103
